 Dungeon Crawl Stone Soup version 0.25-a0-737-g26c3a87c45 (webtiles) character file.

Game seed: 16348496432603361994, levelgen mode: deterministic

33030 Error4North the Severer (level 13, -1/122 HPs)
             Began as a Hill Orc Fighter on Apr 13, 2020.
             Was an Elder of Okawaru.
             Slain by an orc warlord
             ... wielding a +2 long sword of draining
              (4 damage)
             ... on level 9 of the Dungeon.
             The game lasted 01:31:31 (18293 turns).

Error4North the Severer (Hill Orc Fighter)         Turns: 18293, Time: 01:31:31

Health: -1/122     AC: 21    Str: 26    XL:     13   Next: 68%
Magic:  14/16      EV:  7    Int:  6    God:    Okawaru [****..]
Gold:   994        SH: 12    Dex: 10    Spells: 12/12 levels left

rFire    . . .     SeeInvis +   o - +4 hand axe (freeze)
rCold    + . .     Gourm    +   c - +0 kite shield
rNeg     . . .     Faith    .   l - +2 plate armour {rC+}
rPois    .         Spirit   .   p - +2 helmet
rElec    .         Reflect  .   G - scarf {repulsion}
rCorr    .         Harm     .   (no gloves)
MR       .....                  r - +0 pair of boots
Stlth    ..........             w - amulet of the gourmand
HPRegen  0.30/turn              e - ring of see invisible
MPRegen  0.15/turn              z - ring of stealth

@: heroism, very heavily drained, repel missiles
A: dopey 1, strong 1, wild magic 1
a: Heroism, Renounce Religion


You were on level 9 of the Dungeon.
You worshipped Okawaru.
Okawaru was greatly pleased with you.
You were not hungry.

You visited 3 branches of the dungeon, and saw 14 of its levels.
You also visited: Sewer.

You collected 1696 gold pieces.
You spent 702 gold pieces at shops.

Inventory:

Hand Weapons
 o - a +4 hand axe of freezing (weapon)
Missiles
 a - 2 boomerangs (quivered)
 q - 4 silver javelins
Armour
 b - a +0 cloak
 c - a +0 kite shield (worn)
 l - a +2 plate armour of cold resistance (worn)
 p - a +2 helmet (worn)
 r - a +0 pair of boots (worn)
 G - a scarf of repulsion (worn)
Jewellery
 e - a ring of see invisible (left hand)
 w - an amulet of the gourmand (around neck)
 y - an uncursed ring of flight
 z - a ring of stealth (right hand)
Wands
 i - a wand of scattershot (1)
 F - a wand of iceblast (8)
Scrolls
 d - 2 scrolls of amnesia
 h - a scroll of noise {unknown}
 k - 5 scrolls of identify
 n - 3 scrolls of fear
 s - 4 scrolls of teleportation
 u - 4 scrolls of remove curse
 x - 2 scrolls of fog
 A - 2 scrolls of immolation
Potions
 g - 7 potions of flight
 m - a potion of cancellation
 t - 2 potions of stabbing
 v - a potion of brilliance
 C - a potion of ambrosia
 J - a potion of curing
 K - a potion of magic
Miscellaneous
 B - a lightning rod (1/4)
Comestibles
 f - 22 rations


   Skills:
 * Level 13.1(11.3) Fighting
 + Level 15.4(13.3) Axes
 + Level 1.1(1.0) Throwing
 * Level 11.8(10.2) Armour
 + Level 2.1(1.9) Dodging
 + Level 1.2(1.1) Stealth
 * Level 12.4(10.7) Shields
 + Level 4.2(0.0) Invocations
 + Level 2.4(0.0) Evocations


You had 12 spell levels left.
You didn't know any spells.
Your spell library contained the following spells:

 Spells                   Type           Power        Failure   Level  Hunger
 Freeze                   Ice            #...         100%        1    ##.....
 Infusion                 Chrm           #...         100%        1    ##.....
 Magic Dart               Conj           #...         100%        1    ##.....
 Poisonous Vapours        Pois/Air       #.....       100%        2    ###....
 Searing Ray              Conj           #.....       100%        2    ###....
 Shroud of Golubria       Chrm/Tloc      #.....       100%        2    ###....
 Song of Slaying          Chrm           #.......     100%        2    ###....
 Conjure Flame            Conj/Fire      #.......     100%        3    ####...
 Dazzling Flash           Conj/Hex       #.....       100%        3    ####...
 Frozen Ramparts          Ice            #.....       100%        3    ####...
 Mephitic Cloud           Conj/Pois/Air  #.......     100%        3    ####...
 Ozocubu's Armour         Chrm/Ice       #.......     100%        3    ####...
 Spectral Weapon          Hex/Chrm       #.......     100%        3    ####...
 Fulminant Prism          Conj/Hex       #.........   100%        4    #####..
 Hailstorm                Conj/Ice       #.......     100%        4    #####..
 Iskenderun's Mystic Bla  Conj/Tloc      #.......     100%        4    #####..
 Summon Ice Beast         Ice/Summ       #.......     100%        4    #####..
 Freezing Cloud           Conj/Ice/Air   #.........   100%        6    #######
 Ring of Flames           Chrm/Fire      #.........   100%        7    #######


Dungeon Overview and Level Annotations

Branches:
Dungeon (11/15)            Temple (1/1) D:7            Lair (0/6) D:11
    Orc (2/2) D:9           Sewer (visited)
    Elf: Orc:2

Altars:
Ashenzari
Cheibriados
Dithmenos
Elyvilon
Fedhas
Gozag
Hepliaklqana
Kikubaaqudgha
Makhleb
Nemelex Xobeh
Okawaru
Qazlal
Ru
Sif Muna
Trog
Uskayaw
Vehumet
Wu Jian
Xom
Yredelemnul
Zin
The Shining One

Shops:
D:4 :(   D:9 :   Orc:1 [

Portals:
Trove: D:10 (give +5 demon trident)

Annotations:
D:11 1 runed translucent door, Ujimieps's ghost, journeyman MiFi


Innate Abilities, Weirdness & Mutations

You are dopey. (Int -2)
Your muscles are strong. (Str +2)
Your spells are a little harder to cast, but a little more powerful.


Message History

The orc warlord barely misses you. The orc warlord blocks your attack.
The orc warlord is lightly wounded.
Your plate armour prevents you from hitting the orc warlord.
The orc warlord is lightly wounded.
The orc warlord closely misses you.
You hit the orc warlord but do no damage.
The orc warlord is lightly wounded.
You hit the orc warlord.
The orc warlord is lightly wounded.
The orc warlord hits you with a +2 long sword of draining!
* * * LOW HITPOINT WARNING * * *
You feel drained.
* * * LOW HITPOINT WARNING * * *
You hit the orc warlord but do no damage.
The orc warlord is lightly wounded.
The orc warlord hits you with a +2 long sword of draining!
* * * LOW HITPOINT WARNING * * *
You feel drained.
You die...

##.## ##### # ####...#### #...##
## #....8....# #..#.###.
#.........####.###.#.#
#.........##...# ##.##
##.........##..## #.##
#...........#..# #...
##...........#)(#####... ###
#..8..o@)..8.(###....... ..#
#.................###... .##
#.................# ##.. ###
#.#.........#..#.## ##. #.##
#.#.........#..#.# #. ##.#
#####.#.........##...## ##.
##.###.....#....8....#####.####..
#.##..#########...#### #..#...#
.##.##.# #######.#...## ##...###


You could see an orc warlord.

Vanquished Creatures
  An orc warlord (Orc:1)
  A stone giant (Orc:1)
  3 ettins
  Erica (D:8)
  5 two-headed ogres
  An unseen horror (D:11)
  5 orc knights
  An ugly thing (D:9)
  13 cyclopes (Orc:1)
  3 trolls
  A hornet (D:11)
  2 hippogriffs
  A wyvern (D:3)
  25 yaks
  2 wraiths (D:11)
  The ghost of Grendash the Shield-Bearer, an amateur DDFi (D:3)
  Eustachio (D:5)
  A vampire (D:9)
  3 hogs (D:7)
  A human (D:7)
  6 wargs
  2 hungry ghosts (D:9)
  A two-headed ogre zombie (D:9)
  2 water moccasins (D:10)
  3 sky beasts
  4 ice beasts
  30 orc warriors
  10 ogres
  3 wolves
  3 phantoms
  An eye of draining (D:8)
  6 centaurs
  A crocodile (D:10)
  4 big kobolds
  9 bullfrogs
  A water moccasin skeleton (D:6)
  4 scorpions
  2 troll zombies (D:9)
  A killer bee (D:10)
  4 howler monkeys
  3 wights (D:6)
  6 crimson imps
  A centaur zombie (D:6)
  9 hounds
  3 jellies
  15 orc priests
  10 orc wizards
  An iguana (D:8)
  6 worker ants
  A killer bee zombie (D:10)
  5 ogre zombies (D:9)
  3 gnolls (D:5)
  12 adders
  10 river rats
  3 shadow imps
  4 oozes
  An adder zombie (D:6)
  An adder skeleton (D:6)
  2 worms
  2 dart slugs
  9 leopard geckos
  61 orcs
  4 ball pythons
  9 bats
  7 giant cockroaches
  3 goblins
  5 hobgoblins
  17 jackals
  11 quokkas
  2 frilled lizards
  4 goblin skeletons (D:9)
  3 goblin zombies (D:9)
  2 hobgoblin skeletons (D:9)
  3 hobgoblin zombies (D:9)
  21 kobolds
  A leopard gecko skeleton (D:4)
  4 orc skeletons (D:9)
  9 orc zombies (D:9)
  2 quokka skeletons
  25 rats
469 creatures vanquished.

Vanquished Creatures (collateral kills)
  Maurice (D:9)
1 creature vanquished.

Vanquished Creatures (others)
  An orc priest (Orc:1)
  11 fungi (Orc:2)
12 creatures vanquished.

Grand Total: 482 creatures vanquished

Notes
Turn   | Place    | Note
-------+----------+-------------------------------------------
     0 | D:1      | Error4North the Hill Orc Fighter began the quest for the
                  | Orb.
     0 | D:1      | Reached XP level 1. HP: 19/19 MP: 1/1
    44 | D:1      | Reached XP level 2. HP: 26/27 MP: 2/2
   140 | D:1      | Reached skill level 3 in Axes
   156 | D:1      | Reached XP level 3. HP: 33/33 MP: 3/3
   826 | D:2      | Reached XP level 4. HP: 40/40 MP: 4/4
  1097 | D:2      | Reached skill level 4 in Axes
  1486 | D:3      | Found a runed translucent gate.
  1487 | D:3      | Found a runed translucent gate.
  1488 | D:3      | Found a runed translucent gate.
  1489 | D:3      | Found an opulent altar of Gozag.
  1490 | D:3      | Noticed a wyvern
  1491 | D:3      | Noticed Grendash's ghost (amateur DDFi)
  1530 | D:3      | Found a glowing drain.
  1541 | D:3      | Reached XP level 5. HP: 40/46 MP: 5/5
  1547 | Sewer    | Entered a sewer
  1718 | Sewer    | Noticed a big kobold
  1733 | Sewer    | Killed a big kobold
  1753 | Sewer    | Found a white marble altar of Elyvilon.
  2574 | D:3      | You fall into a shaft and drop 1 floor!
  2728 | D:4      | Reached XP level 6. HP: 53/53 MP: 6/6
  2768 | D:4      | Reached skill level 5 in Axes
  2768 | D:4      | Reached skill level 5 in Armour
  3020 | D:4      | Found Ellun's Weapon Shoppe.
  3308 | D:4      | Found Amiarupp's Book Shop.
  3413 | D:5      | Entered Level 5 of the Dungeon
  3442 | D:4      | Reached XP level 7. HP: 37/60 MP: 7/7
  3571 | D:5      | Noticed Eustachio
  3742 | D:5      | Reached skill level 5 in Fighting
  3914 | D:5      | Reached skill level 5 in Shields
  3965 | D:5      | Reached skill level 1 in Dodging
  3965 | D:5      | Reached skill level 1 in Evocations
  3971 | D:5      | Reached skill level 6 in Axes
  3991 | D:5      | Killed Eustachio
  3991 | D:5      | Reached XP level 8. HP: 29/69 MP: 7/9
  4380 | D:5      | Reached skill level 7 in Axes
  5232 | D:6      | Reached skill level 8 in Axes
  5412 | D:7      | Reached XP level 9. HP: 56/77 MP: 10/10
  5792 | D:7      | Found a staircase to the Ecumenical Temple.
  5802 | Temple   | Entered the Ecumenical Temple
  5820 | Temple   | Became a worshipper of Warmaster Okawaru
  6079 | D:7      | Reached skill level 9 in Axes
  6099 | D:7      | Reached * piety under Okawaru
  6418 | D:7      | Found a glowing golden altar of the Shining One.
  6534 | D:8      | Found a sacrificial altar of Ru.
  6841 | D:8      | Reached skill level 1 in Invocations
  6918 | D:8      | Noticed a two-headed ogre
  6930 | D:8      | Killed a two-headed ogre
  6930 | D:8      | Reached ** piety under Okawaru
  6930 | D:8      | Reached skill level 10 in Axes
  6930 | D:8      | Reached XP level 10. HP: 85/88 MP: 11/11
  7320 | D:8      | Found a blossoming altar of Fedhas.
  7422 | D:8      | Noticed Erica
  7437 | D:8      | Killed Erica
  7437 | D:8      | Reached skill level 1 in Throwing
  8313 | D:9      | Reached *** piety under Okawaru
  8335 | D:9      | Reached skill level 11 in Axes
  8722 | D:9      | Found Nojes's Book Shop.
  8733 | D:9      | Reached skill level 12 in Axes
  8737 | D:9      | Noticed a green ugly thing
  8761 | D:9      | Killed a green ugly thing
  8761 | D:9      | Reached **** piety under Okawaru
  8761 | D:9      | Reached XP level 11. HP: 97/97 MP: 9/12
  8940 | D:9      | Found a staircase to the Orcish Mines.
  8978 | D:9      | Paralysed by fainting for 6 turns
  9257 | D:9      | Noticed Maurice
  9268 | D:9      | Killed Maurice
  9758 | D:10     | Entered Level 10 of the Dungeon
  9793 | D:10     | Reached skill level 10 in Fighting
 10007 | D:10     | Found a portal to a secret trove of treasure.
 10416 | D:10     | Reached skill level 1 in Stealth
 10618 | D:10     | Noticed Sonja
 10619 | D:10     | Noticed Sonja
 10619 | D:10     | Sonja changed into Sonja the crocodile
 10631 | D:10     | Killed Sonja the crocodile
 10729 | D:10     | Noticed a two-headed ogre
 10744 | D:10     | Killed a two-headed ogre
 10744 | D:10     | Reached skill level 13 in Axes
 11066 | Orc:1    | Entered Level 1 of the Orcish Mines
 11109 | D:9      | Reached skill level 10 in Shields
 11392 | Orc:1    | Reached ***** piety under Okawaru
 11607 | Orc:1    | Noticed an ettin
 11615 | Orc:1    | Noticed a cyclops
 11863 | D:9      | Killed an ettin
 12246 | D:11     | Found a staircase to the Lair.
 12284 | D:11     | Noticed a two-headed ogre
 12296 | D:11     | Killed a two-headed ogre
 12296 | D:11     | Reached skill level 10 in Armour
 12296 | D:11     | Reached XP level 12. HP: 60/108 MP: 10/13
 12300 | D:11     | Found a burning altar of Makhleb.
 12519 | D:11     | Received a gift from Okawaru
 13020 | D:11     | Found a runed translucent door.
 13020 | D:11     | Noticed Ujimieps's ghost (journeyman MiFi)
 14004 | D:3      | Killed Grendash's ghost
 14766 | Orc:1    | Gained mutation: You are dopey. (Int -2) [potion of
                  | mutation]
 14766 | Orc:1    | Lost mutation: You are dopey. (Int -2) [potion of mutation]
 14771 | Orc:1    | Reached skill level 14 in Axes
 15102 | D:9      | Gained mutation: You are dopey. (Int -2) [potion of
                  | mutation]
 15102 | D:9      | Gained mutation: Your spells are a little harder to cast,
                  | but a little more powerful. [potion of mutation]
 15102 | D:9      | Gained mutation: Your muscles are strong. (Str +2) [potion
                  | of mutation]
 15430 | Orc:1    | Noticed an ettin
 15440 | Orc:1    | Killed an ettin
 15780 | Orc:1    | Found Humep's Antique Armour Shoppe.
 15788 | Orc:1    | Bought a shiny plate armour for 702 gold pieces
 16041 | Orc:1    | Noticed a two-headed ogre
 16041 | Orc:1    | Noticed a two-headed ogre
 16044 | Orc:1    | Reached XP level 13. HP: 118/118 MP: 15/15
 16508 | Orc:1    | Noticed a stone giant
 16508 | Orc:1    | Noticed an ettin
 16534 | Orc:1    | Killed a stone giant
 16534 | Orc:1    | Received a gift from Okawaru
 16534 | Orc:1    | Reached skill level 15 in Axes
 16536 | Orc:1    | Killed an ettin
 16851 | Orc:1    | Got a bloodstained broad axe
 16865 | Orc:1    | Identified the cursed +1 broad axe of Turmoil {vorpal, rF+}
                  | (You found it on level 1 of the Orcish Mines)
 16906 | Orc:2    | Entered Level 2 of the Orcish Mines
 16943 | Orc:2    | Noticed an orc warlord
 16968 | Orc:1    | Killed an orc warlord
 17340 | Orc:2    | Noticed an orc warlord
 17644 | Orc:2    | Noticed an orc warlord
 18078 | Orc:2    | Paralysed by an orc sorcerer for 3 turns
 18293 | D:9      | HP: 3/122 [orc warlord/+2 long sword of draining (11)]
 18293 | D:9      | Slain by an orc warlord

Levels and vault maps discovered:
D:1:      psy_arrival_fountain, layout_rooms, minmay_misc_feat_ornament,
          minivault_23
D:2:      layout_basic
D:3:      layout_loops_ring, portal_sewer_entry_f, ebering_ghost_gozag
D:4:      layout_cave_pools, serial_shops, shop, nicolae_shop_behind_doors,
          kennysheep_generic_room_6
D:5:      lemuel_ratsnest, layout_loops_cross, first_ration, st_stairs_5,
          uniq_eustachio
D:6:      layout_basic, serial_curves, eino_curves_02, eino_curves_04
D:7:      layout_cave_pools, lemuel_doored_altar,
          minmay_temple_entry_stoned_glass, grunt_livestock, minivault_19,
          dk_vineyard_3, hex_medium
D:8:      layout_cave_pods, basic_altar, fedhas_altar_fruit_tree, uniq_erica
D:9:      layout_layer_cave, zombieorc2_lemuel, serial_shops, shop, uniq_maurice
D:10:     minmay_octagon_keep, layout_grid_maze, nicolae_trove_entry_crossroad,
          uniq_sonja
D:11:     layout_roguey, lair_entry_dummy, basic_altar, gammafunk_ghost_grave
Temple:   minmay_crystal_snake_temple
Orc:1:    giant_chief_lemuel, layout_caves, serial_shops, nicolae_shop_trees
Orc:2:    grunt_orc_gardens, layout_caves, grunt_orc_garden, grunt_orc_garden,
          grunt_orc_garden, grunt_orc_garden

Skill      XL: |  1  2  3  4  5  6  7  8  9 10 11 12 13 |
---------------+----------------------------------------+-----
Axes           | 3 4 5 6 8 10 12 13 14 15 | 15.4
Fighting       | 4 5 6 7 9 10 12 13 | 13.1
Armour         | 4 5 6 8 9 10 11 | 11.8
Shields        | 4 5 6 8 10 11 12 | 12.4
Dodging        | 1 2 |  2.1
Evocations     | 1 2 |  2.4
Invocations    | 1 2 3 4 |  4.2
Throwing       | 1 |  1.1
Stealth        | 1 |  1.2

Action                   |  1- 3 |  4- 6 |  7- 9 | 10-12 | 13-15 || total
-------------------------+-------+-------+-------+-------+-------++-------
Melee: War axe           |    99 |   204 |   399 |   838 |    85 ||  1625
       Hand axe          |       |       |       |       |   165 ||   165
Throw: Javelin           |       |       |    11 |    13 |       ||    24
       Boomerang         |       |       |       |       |     3 ||     3
Invok: Heroism           |       |       |     1 |    22 |    12 ||    35
       Finesse           |       |       |       |     3 |     4 ||     7
Evoke: Wand              |       |       |     3 |    11 |     4 ||    18
       Phantom mirror    |       |       |       |     1 |       ||     1
       Lightning rod     |       |       |       |       |     4 ||     4
       Box of beasts     |       |       |       |       |     1 ||     1
  Use: Potion            |       |     2 |     5 |    14 |     4 ||    25
       Scroll            |       |       |    16 |     5 |     1 ||    22
 Stab: Invisible         |       |       |       |     5 |       ||     5
  Eat: Chunk             |       |     9 |    12 |    26 |       ||    47
       Ration            |       |       |       |     4 |       ||     4
Armor: Scale mail        |    61 |    98 |   103 |       |       ||   262
       Chain mail        |       |       |    99 |   157 |       ||   256
       Skin              |       |       |     8 |       |       ||     8
       Plate armour      |       |       |       |   147 |    49 ||   196
Dodge: Dodged            |    44 |    75 |   116 |   204 |    35 ||   474
       Deflected         |       |       |       |     3 |     2 ||     5
Block: Kite shield       |    65 |   109 |   258 |   478 |    99 ||  1009

Table legend:
 A = Non-vault XP
 B = Vault XP
 C = Vault XP percentage of total XP
 D = Non-vault monster count
 E = Vault monster count
 F = Vault count percentage of total count
                 A         B        C        D         E       F
            +---------+---------+-------+---------+---------+-------
      Total |   21617 |   25569 |  54.2 |     322 |     148 |  31.5
            +---------+---------+-------+---------+---------+-------
        D:1 |      41 |       0 |   0.0 |      18 |       0 |   0.0
        D:2 |     103 |       0 |   0.0 |      22 |       0 |   0.0
        D:3 |      41 |     456 |  91.8 |      12 |       7 |  36.8
        D:4 |     287 |      14 |   4.7 |      12 |       1 |   7.7
        D:5 |     456 |     510 |  52.8 |      20 |      37 |  64.9
        D:6 |     697 |       0 |   0.0 |      18 |       0 |   0.0
        D:7 |     707 |     996 |  58.5 |      19 |       5 |  20.8
        D:8 |    1662 |     934 |  36.0 |      17 |       1 |   5.6
        D:9 |    4148 |    2789 |  40.2 |      36 |      40 |  52.6
       D:10 |    2331 |     988 |  29.8 |      19 |      10 |  34.5
       D:11 |    5708 |       0 |   0.0 |      35 |       0 |   0.0
      Orc:1 |    4269 |   17193 |  80.1 |      65 |      31 |  32.3
      Orc:2 |    1167 |    1568 |  57.3 |      29 |       8 |  21.6
      Sewer |       0 |     121 | 100.0 |       0 |       8 | 100.0
            +---------+---------+-------+---------+---------+-------
